 Dungeon Crawl Stone Soup version 0.28.0-43-g3370ac3207 (webtiles) character file.

Game seed: 9474064176996516184

167 Pemander the Sneak (level 5, 0/24 HPs)
             Began as a Spriggan Enchanter on Mar 22, 2022.
             Hit by a stone thrown by a gnoll (4 damage)
             ... on level 3 of the Dungeon.
             The game lasted 00:06:36 (4604 turns).

Pemander the Sneak (Spriggan Enchanter)             Turns: 4604, Time: 00:06:37

Health: 0/24       AC:  3    Str:  6    XL:     5   Next: 23%
Magic:  5/10       EV: 17    Int: 17    God:
Gold:   88         SH:  0    Dex: 15    Spells: 4/9 levels left

rFire   . . .      SeeInvis +   l - +1 dagger (venom)
rCold   . . .      Faith    .   (no shield)
rNeg    . . .      Spirit   .   b - +0 robe
rPois   .          Reflect  .   (helmet restricted)
rElec   .          Harm     .   h - +0 cloak
rCorr   .          Rampage  .   (gloves unavailable)
Will    .....                   (boots unavailable)
Stlth   +++.......              (no amulet)
HPRegen 0.08/turn               (no ring)
MPRegen 0.12/turn               (no ring)

@: very quick
A: very small, no large weapons, unfitting armour, see invisible, speed 3
a: no special abilities


You were on level 3 of the Dungeon.
You visited 1 branch of the dungeon, and saw 3 of its levels.

You collected 88 gold pieces.

Inventory:

Hand Weapons
 l - a +1 dagger of venom (weapon)
Armour
 b - a +0 robe (worn)
 h - a +0 cloak (worn)
Wands
 i - a wand of flame (15)
Scrolls
 e - 2 scrolls of teleportation {unknown}
 f - 5 scrolls of identify {unknown}
 m - a scroll of silence {unknown}
Potions
 a - a potion of haste {unknown}
 c - a potion of invisibility
 d - a potion of lignification {unknown}
 g - 2 potions of magic {unknown}
 j - a potion of resistance {unknown}
 k - a potion of flight {unknown}


   Skills:
 + Level 3.2 Short Blades
 - Level 2.6 Dodging
 + Level 6.5 Stealth
 - Level 2.6 Spellcasting
 + Level 5.1 Hexes


You had 4 spell levels left.
You knew the following spells:

 Your Spells              Type           Power      Damage    Failure   Level
a - Ensorcelled Hibernat  Hex/Ice        20%        N/A       10%         2
b - Confusing Touch       Hex            19%        N/A       7%          3

Your spell library contained the following spells:

 Spells                   Type           Power      Damage    Failure   Level
 Tukima's Dance           Hex            19%        N/A       7%          3
 Dazzling Flash           Conj/Hex       20%        N/A       19%         3


Dungeon Overview and Level Annotations

Branches:
Dungeon (3/15)

Altars:
Fedhas
Okawaru
Uskayaw
Xom

Shops:
D:3 :

Annotations:
D:2 Robin


Innate Abilities, Weirdness & Mutations

You are very small and have problems with some larger weapons.
You are too small for most types of armour.
You have supernaturally acute eyesight. (SInv)
You cover ground extremely quickly. (Speed+++)


Message History

Press: ? - help, Shift-Dir - straight line, f - gnoll
Aim: a gnoll, wielding a +0 club and quivering stones (chance to affect: 52%)
The gnoll resists with significant effort.
The gnoll barely misses you.
Casting: Ensorcelled Hibernation (safe; 10% risk of failure)
Confirm with . or Enter, or press ? or * to list all spells.
Aiming: Ensorcelled Hibernation (safe; 10% risk of failure)
Press: ? - help, Shift-Dir - straight line, f/p - gnoll
Aim: a gnoll, wielding a +0 club and quivering stones (chance to affect: 52%)
The gnoll resists with significant effort.
The gnoll misses you.
Casting: Ensorcelled Hibernation (safe; 10% risk of failure)
Confirm with . or Enter, or press ? or * to list all spells.
Aiming: Ensorcelled Hibernation (safe; 10% risk of failure)
Press: ? - help, Shift-Dir - straight line, f/p - gnoll
Aim: a gnoll, wielding a +0 club and quivering stones (chance to affect: 52%)
The gnoll resists with significant effort.
The gnoll completely misses you.
Casting: Ensorcelled Hibernation (safe; 10% risk of failure)
Confirm with . or Enter, or press ? or * to list all spells.
Aiming: Ensorcelled Hibernation (safe; 10% risk of failure)
Press: ? - help, Shift-Dir - straight line, f/p - gnoll
Aim: a gnoll, wielding a +0 club and quivering stones (chance to affect: 52%)
The gnoll resists with significant effort.
The gnoll barely misses you.
Unknown command.
You hit the gnoll.
The gnoll is poisoned.
The gnoll is lightly wounded.
The gnoll hits you with a +0 club.
The gnoll throws a stone.
The stone completely misses you.
The gnoll throws a stone.
The stone closely misses you.
The gnoll throws a stone.
The stone closely misses you.
The gnoll throws a stone.
The stone misses you.
The gnoll looks more healthy.
You barely miss the gnoll.
The gnoll is severely wounded.
The gnoll hits you with a +0 club.
* * * LOW HITPOINT WARNING * * *
The gnoll throws a stone.
The stone hits you.
You die...

........(..............).........
....................†............
.######(#.##..####.###.######....
.# #)#.##.#####.# #.....<).#.. ##
##.#........#.# #####.######
#####g.....####.#.### #....#..
##>......##.# #.....########.#.#
_#####...##.####.....#........#..
.## ##.........@....#.######...#
..## #####.####..)..# #####.#
#..# #.# #.....# #.....# ##.# #.#
#.##### #.##### ##.## #.# #.# #.#
_...## #.# #.# #.# ...._#
#.####.# #.# _...#######.g..g.#
#.####.##### ##.##..........#.#
#...........


You could see a gnoll.

Vanquished Creatures
  An iguana (D:3)
  Terence (D:2)
  2 adders
  2 gnolls (D:3)
  A worm (D:2)
  2 dart slugs
  An orc (D:3)
  3 ball pythons
  2 endoplasms
  3 giant cockroaches
  5 goblins
  5 hobgoblins
  9 jackals
  4 quokkas
  9 bats
  A frilled lizard (D:1)
  12 kobolds
  6 rats
69 creatures vanquished.

Notes
Turn   | Place    | Note
-------+----------+-------------------------------------------
     0 | D:1      | Pemander the Spriggan Enchanter began the quest for the
                  | Orb.
     0 | D:1      | Reached XP level 1. HP: 9/9 MP: 5/5
   814 | D:1      | Reached XP level 2. HP: 12/13 MP: 6/6
   850 | D:1      | Learned a level 2 spell: Ensorcelled Hibernation
  1230 | D:1      | Reached skill level 5 in Stealth
  1341 | D:1      | Found a faded altar of an unknown god.
  2040 | D:1      | Reached XP level 3. HP: 16/16 MP: 5/8
  2852 | D:2      | Noticed Terence
  3450 | D:2      | Killed Terence
  3451 | D:2      | Reached XP level 4. HP: 21/21 MP: 4/9
  3503 | D:2      | Identified the -7 helmet of Responsibility {-Tele rPois
                  | rC++ rCorr}
  3503 | D:2      | Noticed Robin
  3630 | D:3      | Reached skill level 6 in Stealth
  3840 | D:3      | Found a hide-covered altar of Uskayaw.
  3840 | D:3      | Found an iron altar of Okawaru.
  3848 | D:3      | Found a faded altar of an unknown god.
  3853 | D:3      | Learned a level 3 spell: Confusing Touch
  3854 | D:3      | Found a blossoming altar of Fedhas.
  3856 | D:3      | Found a shimmering altar of Xom.
  4089 | D:3      | Reached XP level 5. HP: 24/24 MP: 10/10
  4106 | D:3      | Found Nawyoche's Book Shoppe.
  4309 | D:3      | Reached skill level 5 in Hexes
  4604 | D:3      | Hit by a stone thrown by a gnoll

Illustrated notes

Levels and vault maps discovered:
D:1:      dpeg_arrival_short_road, layout_rooms,
          hellmonk_ecumenical_altar_lost_god, nrook_loot_triangle,
          serial_bayou_crossing
D:2:      layout_loops_corners, uniq_robin, uniq_terence
D:3:      minmay_goblin_kobold_castle, layout_loops_ring,
          chequers_temple_overflow_minitemple, serial_shops,
          nicolae_shop_behind_doors, chequers_mini_garden

Skill      XL: |  1  2  3  4  5 |
---------------+----------------+-----
Hexes          | 4 5 |  5.1
Stealth        | 5 6 |  6.5
Short Blades   | 2 3 |  3.2
Dodging        | |  2.6
Spellcasting   | |  2.6

Action                   |  1- 3 |  4- 6 || total
-------------------------+-------+-------++-------
Melee: Dagger            |   200 |    76 ||   276
       Punch             |     2 |     1 ||     3
 Cast: Ensorcelled Hiber |    32 |     7 ||    39
 Stab: Sleeping          |    22 |     7 ||    29
Armor: Robe              |    33 |     8 ||    41
Dodge: Dodged            |   167 |    56 ||   223
